 Dungeon Sprint DCSS version 0.29-a0-577-gafbf2c5d25 (webtiles) character file.

Game seed: 5202408632021029828

25 mhtbhm the Shield-Bearer (level 3, -26/30 HPs)
             Began as a Human Fighter on June 13, 2022.
             Annihilated by an ogre
             ... wielding a +0 giant club
              (28 damage)
             ... in the Dungeon (Sprint I: "Red Sonja").
             The game lasted 00:00:38 (92 turns).

mhtbhm the Shield-Bearer (Human Fighter)              Turns: 92, Time: 00:00:38

Health: -26/30     AC:  9    Str: 16    XL:     3   Next: 17%
Magic:  3/3        EV:  6    Int:  8    God:
Gold:   0          SH:  5    Dex: 14    Spells: 2/2 levels left

rFire   . . .      SeeInvis .   a - +0 long sword
rCold   . . .      Faith    .   c - +0 buckler
rNeg    . . .      Spirit   .   b - +0 chain mail
rPois   .          Reflect  .   (no helmet)
rElec   .          Harm     .   (no cloak)
rCorr   .          Rampage  .   (no gloves)
Will    .....      NoTele   +   (no boots)
Stlth   ..........              (no amulet)
HPRegen 0.10/turn               (no ring)
MPRegen 0.08/turn               (no ring)

@: mighty, hasted, very quick
A: no striking features
a: no special abilities


You were in the Dungeon.
You visited 1 branch

Inventory:

Hand Weapons
 a - a +0 long sword (weapon)
Armour
 b - a +0 chain mail (worn)
 c - a +0 buckler (worn)
Wands
 i - a wand of digging (3)
Scrolls
 j - a scroll of blinking
Potions
 e - a potion of curing
 f - a potion of heal wounds
 h - 2 potions of magic


   Skills:
 + Level 4.2 Fighting
 + Level 2.5 Long Blades
 + Level 4.3 Armour
 + Level 0.4 Dodging
 + Level 4.3 Shields


You had 2 spell levels left.
You didn't know any spells.
Your spell library was empty.

Dungeon Overview and Level Annotations

Branches:
Dungeon (1/1)

Altars:


Message History

You finish taking off your +0 scale mail.
You drop a +0 scale mail.
There is an open door, spattered with blood here.
Things that are here:
a +0 dagger; a +0 chain mail; the goblin corpse of Ijyb
b - a +0 chain mail You are a level 3 Human Fighter.
You are 17% of the way to level 4.
Play time: 00:00:22 (75 turns).
You start putting on your armour.
You continue putting on your +0 chain mail. x4
You finish putting on your +0 chain mail.
Unknown command.
You see here a +0 scale mail.
You open the door.
An ogre comes into view. It is wielding a +0 giant club.
The ogre shouts!
Unknown command.
You don't know any spells.
Okay, then.
Okay, then.
You feel yourself speed up.
There is an open door, spattered with blood here.
Things that are here:
a +0 dagger; the goblin corpse of Ijyb You feel very mighty all of a sudden.
You hit the ogre.
The ogre is lightly wounded.
The ogre barely misses you.
You completely miss the ogre.
The ogre is lightly wounded.
You slash the ogre!
The ogre is heavily wounded.
The ogre hits you with a +0 giant club!!
Ouch! That really hurt!
* * * LOW HITPOINT WARNING * * *
You slash the ogre!
The ogre is severely wounded.
The ogre hits you with a +0 giant club!!
Ouch! That really hurt!
You die...

##########
#<.#.['..#
#.@O..#..+
#..#### +#
#..# #..#
#..# #⌠⌠#
####


You could see an ogre.

Vanquished Creatures
  Ijyb (D)
1 creature vanquished.

Notes
Turn   | Place    | Note
-------+----------+-------------------------------------------
     0 | D        | mhtbhm the Human Fighter began the quest for the Orb.
     0 | D        | Reached XP level 1. HP: 18/18 MP: 1/1
     1 | D        | Noticed Ijyb
    13 | D        | Killed Ijyb
    14 | D        | Reached XP level 2. HP: 25/25 MP: 2/2
    14 | D        | Reached XP level 3. HP: 30/30 MP: 3/3
    83 | D        | Noticed an ogre
    91 | D        | HP: 1/30 [ogre/+0 giant club (29)]
    92 | D        | Annihilated by an ogre

Illustrated notes

Levels and vault maps discovered:
D:        dungeon_sprint_1 [red_sonja_temple_1, red_sonja_temple_small_1]

Skill      XL: |  1 |
---------------+----+-----
Fighting       | 4 |  4.2
Armour         | 4 |  4.3
Shields        | 4 |  4.3
Long Blades    | |  2.5
Dodging        | |  0.4

Action                   || total
-------------------------++-------
Melee: Long sword        ||    15
  Use: Potion            ||     3
Armor: Scale mail        ||     6
Dodge: Dodged            ||     1
Block: Buckler           ||     2

Table legend: (Time is in decaauts)
 A = Elapsed time spent in this place.
 B = Non-inter-level travel time spent in this place.
 C = Inter-level travel time spent in this place.
 D = Time resting spent in this place.
 E = Time spent auto-exploring this place.
 F = Levels seen in this place.
 G = Mean time per level.
                   A        B        C        D        E       F      G
               +--------+--------+--------+--------+--------+-----+--------+
         Total |    104 |    104 |      0 |     58 |      1 |   1 |  104.0 |
       Dungeon |    104 |    104 |      0 |     58 |      1 |   1 |  104.0 |
               +--------+--------+--------+--------+--------+-----+--------+

Top non-repeatable levels by time:
       D: 104 daAuts
